 Dungeon Crawl Stone Soup version 0.25-a0-577-ga4619f409e (webtiles) character file.

Game seed: 10931873078750437516, levelgen mode: deterministic

4335 Flugslaktarn the Severer (level 10, -3/86 HPs)
             Began as a Minotaur Fighter on Mar 3, 2020.
             Was a Follower of Makhleb.
             Slain by a two-headed ogre
             ... wielding a +0 giant club
              (24 damage)
             ... on level 8 of the Dungeon.
             The game lasted 00:03:05 (5543 turns).

Flugslaktarn the Severer (Minotaur Fighter)         Turns: 5543, Time: 00:03:05

Health: -3/86      AC:  7    Str: 24    XL:     10   Next: 12%
Magic:  10/10      EV:  8    Int:  5    God:    Makhleb [*.....]
Gold:   426        SH: 12    Dex: 10    Spells: 9/9 levels left

rFire    . . .     SeeInvis .   a - +1 war axe
rCold    . . .     Gourm    .   c - +1 kite shield
rNeg     + . .     Faith    .   b - +0 scale mail
rPois    +         Spirit   .   (helmet restricted)
rElec    .         Reflect  .   (no cloak)
rCorr    .         Harm     .   (no gloves)
MR       .....                  (no boots)
Stlth    ..........             (no amulet)
HPRegen  0.24/turn              u - ring of positive energy
MPRegen  0.12/turn              o - ring of poison resistance

@: no status effects
A: retaliatory headbutt, horns 2
a: Renounce Religion


You were on level 8 of the Dungeon.
You worshipped Makhleb.
Makhleb was aware of your devotion.
You were not hungry.

You visited 2 branches of the dungeon, and saw 9 of its levels.

You collected 426 gold pieces.

Inventory:

Hand Weapons
 a - a +1 war axe (weapon)
Armour
 b - a +0 scale mail (worn)
 c - a +1 kite shield (worn)
Jewellery
 o - a ring of poison resistance (right hand)
   (You found it on level 6 of the Dungeon)
 u - a ring of positive energy (left hand)
   (You found it on level 5 of the Dungeon)
Scrolls
 l - a scroll of enchant weapon
 p - a scroll of magic mapping
 t - a scroll of teleportation
 x - 3 scrolls of remove curse
Potions
 d - a potion of might
 f - a potion of mutation
 g - a potion of stabbing
 i - 2 potions of lignification
 m - 2 potions of ambrosia
 q - 4 potions of curing
 s - 2 potions of berserk rage
 w - 6 potions of heal wounds
 A - a potion of brilliance {unknown}
 E - a potion of cancellation
Comestibles
 e - 6 rations


   Skills:
 + Level 7.2 Fighting
 * Level 15.4 Axes
 + Level 7.2 Armour
 + Level 7.3 Shields
 + Level 2.6 Invocations


You had 9 spell levels left.
You didn't know any spells.
Your spell library was empty.

Dungeon Overview and Level Annotations

Branches:
Dungeon (8/15)             Temple (1/1) D:6
   Lair: D:8-11

Altars:
Cheibriados
Dithmenos
Fedhas
Gozag
Hepliaklqana
Makhleb
Nemelex Xobeh
Okawaru
Trog
Uskayaw
Xom
Yredelemnul
Zin
The Shining One

Shops:
D:4 [   D:6 :


Innate Abilities, Weirdness & Mutations

You reflexively headbutt those who attack you in melee.
You have a pair of horns on your head.


Message History

You block the two-headed ogre's attack.
You slash the two-headed ogre! You headbutt the two-headed ogre!
The two-headed ogre is severely wounded.
You barely miss the sky beast.
The sky beast hits you but does no damage.
You hit the two-headed ogre.
The two-headed ogre is severely wounded.
Your shield and scale mail prevent you from hitting the sky beast.
The two-headed ogre barely misses you. You furiously retaliate!
You headbutt the two-headed ogre, but do no damage.
The two-headed ogre completely misses you.
You completely miss the two-headed ogre.
You headbutt the two-headed ogre.
The two-headed ogre is severely wounded.
You hit the sky beast.
The sky beast hits you but does no damage.
The two-headed ogre hits you with a +0 giant club!!
* * * LOW HITPOINT WARNING * * *
The two-headed ogre hits you with a cursed +0 giant club!!
You die...

#....###....##... ...
###..# #....##.###.
.... #..#
#........... ####.
#..###.#..##.###.
..........##.# #
##..###.#..<#.###.#.#
#...................
#..........YOo.....#
####.#...#@###.#
#?#...#.###.#.#
..##...<....... ##
#........#.#
#.#.>##### #.##.# #
#.# #.# #.#


You could see a two-headed ogre, an orc warrior and a sky beast.

Vanquished Creatures
  4 ice beasts
  An ogre (D:5)
  3 phantoms
  A centaur (D:8)
  3 bullfrogs
  2 scorpions
  4 killer bees (D:8)
  A howler monkey (D:5)
  3 crimson imps
  A centaur zombie (D:5)
  3 hounds
  A centaur skeleton (D:6)
  An orc priest (D:6)
  2 jellies (D:5)
  2 orc wizards
  4 iguanas
  2 bullfrog skeletons
  7 worker ants
  A hound skeleton (D:5)
  2 howler monkey skeletons
  6 adders
  A shadow imp (D:6)
  2 oozes
  An adder zombie (D:6)
  2 worms
  3 dart slugs
  2 leopard geckos
  10 orcs
  A ball python (D:3)
  2 giant cockroaches
  A goblin (D:2)
  2 hobgoblins
  3 kobolds (D:2)
  A frilled lizard (D:5)
  A leopard gecko zombie (D:5)
  A quokka skeleton (D:5)
  A quokka zombie (D:7)
  2 rats
  2 fungi (D:2)
92 creatures vanquished.

Vanquished Creatures (others)
  4 toadstools (D:2)
4 creatures vanquished.

Grand Total: 96 creatures vanquished

Notes
Turn   | Place    | Note
-------+----------+-------------------------------------------
     0 | D:1      | Flugslaktarn the Minotaur Fighter began the quest for the
                  | Orb.
     0 | D:1      | Reached XP level 1. HP: 19/19 MP: 0/0
   145 | D:2      | Reached skill level 3 in Axes
   145 | D:2      | Reached XP level 2. HP: 24/27 MP: 1/1
   196 | D:2      | Reached XP level 3. HP: 31/33 MP: 2/2
   543 | D:4      | Reached XP level 4. HP: 18/40 MP: 3/3
   549 | D:4      | Reached skill level 4 in Axes
   773 | D:4      | Found a hazy altar of Hepliaklqana.
   896 | D:4      | Noticed a phantom
   914 | D:4      | Reached XP level 5. HP: 33/47 MP: 4/4
   935 | D:4      | Killed a phantom
   935 | D:4      | Reached skill level 5 in Axes
   943 | D:4      | HP: 1/47 [hound (2)]
   945 | D:4      | Reached XP level 6. HP: 1/55 MP: 5/5
  1276 | D:4      | Found Virphino's Armour Boutique.
  1381 | D:4      | Reached skill level 5 in Fighting
  1381 | D:4      | Reached skill level 5 in Armour
  1381 | D:4      | Reached skill level 5 in Shields
  1940 | D:5      | Entered Level 5 of the Dungeon
  2028 | D:5      | Reached skill level 6 in Axes
  2032 | D:5      | Noticed an ice beast
  2039 | D:5      | Killed an ice beast
  2039 | D:5      | Reached XP level 7. HP: 48/61 MP: 6/6
  2500 | D:5      | Reached skill level 7 in Axes
  2699 | D:5      | Reached XP level 8. HP: 60/70 MP: 7/7
  3211 | D:6      | Found a staircase to the Ecumenical Temple.
  3226 | Temple   | Entered the Ecumenical Temple
  3358 | Temple   | Became a worshipper of Makhleb the Destroyer
  3518 | D:6      | Reached skill level 8 in Axes
  3524 | D:6      | Found Rosokli's Book Shoppe.
  3541 | D:6      | Reached skill level 1 in Invocations
  4553 | D:7      | Reached * piety under Makhleb
  4882 | D:8      | Reached skill level 9 in Axes
  4885 | D:8      | Reached XP level 9. HP: 60/79 MP: 9/9
  5173 | D:8      | Noticed a two-headed ogre
  5473 | D:7      | Reached skill level 15 in Axes
  5473 | D:7      | Reached XP level 10. HP: 86/86 MP: 10/10
  5543 | D:8      | Slain by a two-headed ogre

Levels and vault maps discovered:
D:1:      eino_arrival_water_star, layout_loops_ring
D:2:      layout_loops_ring, minmay_gold_behind_fungi
D:3:      layout_loops_ring, grunt_temple_overflow_open, gammafunk_ghost_split
D:4:      layout_gridville, kennysheep_mini_moat, serial_shops,
          nicolae_shop_trees, first_ration, st_stairs_9
D:5:      layout_basic, serial_bayou_lagoon_b
D:6:      layout_loops_ring, minmay_temple_entry_glassed_door, serial_shops,
          shop
D:7:      layout_basic
D:8:      layout_basic, ploomutoo_gammafunk_ghost_potion_laboratory
Temple:   dpeg_five_rooms_temple

Skill      XL: |  1  2  3  4  5  6  7  8  9 |
---------------+----------------------------+-----
Axes           | 3 4 5 6 7 9 15 | 15.4
Armour         | 4 5 6 7 |  7.2
Shields        | 4 5 6 7 |  7.3
Fighting       | 4 5 6 7 |  7.2
Invocations    | 2 |  2.6

Action                   |  1- 3 |  4- 6 |  7- 9 | 10-12 || total
-------------------------+-------+-------+-------+-------++-------
Melee: War axe           |    44 |    77 |   197 |     5 ||   323
       Headbutt          |    11 |    11 |    34 |     2 ||    58
  Use: Scroll            |       |       |    15 |     5 ||    20
       Potion            |       |       |     2 |       ||     2
  Eat: Chunk             |       |     4 |     2 |       ||     6
       Ration            |       |       |     3 |       ||     3
Armor: Scale mail        |    15 |    21 |    63 |     3 ||   102
Dodge: Dodged            |    14 |    17 |    51 |     3 ||    85
Block: Kite shield       |    14 |    29 |   125 |     2 ||   170

Table legend:
 A = Non-vault XP
 B = Vault XP
 C = Vault XP percentage of total XP
 D = Non-vault monster count
 E = Vault monster count
 F = Vault count percentage of total count
                 A         B        C        D         E       F
            +---------+---------+-------+---------+---------+-------
      Total |    3002 |     130 |   4.2 |      88 |       2 |   2.2
            +---------+---------+-------+---------+---------+-------
        D:1 |       2 |       0 |   0.0 |       1 |       0 |   0.0
        D:2 |      53 |       0 |   0.0 |      11 |       0 |   0.0
        D:3 |      22 |       0 |   0.0 |       8 |       0 |   0.0
        D:4 |     447 |     130 |  22.5 |      12 |       2 |  14.3
        D:5 |     920 |       0 |   0.0 |      19 |       0 |   0.0
        D:6 |     553 |       0 |   0.0 |      18 |       0 |   0.0
        D:7 |     641 |       0 |   0.0 |      14 |       0 |   0.0
        D:8 |     364 |       0 |   0.0 |       5 |       0 |   0.0
            +---------+---------+-------+---------+---------+-------
